 Dungeon Crawl Stone Soup version 0.29.1-15-g9cfb28693d (webtiles) character file.

Game seed: 2110831618443765165

271855 newSummerboy the Slayer (level 19, -3/289 HPs)
             Began as a Minotaur Berserker on Apr 20, 2023.
             Was a High Priest of Trog.
             Slain by an orc knight
             ... wielding a +3 vampiric glaive
              (4 damage)
             ... on level 3 of the Vaults on Apr 26, 2023.
             The game lasted 05:35:41 (42111 turns).

newSummerboy the Slayer (Minotaur Berserker)       Turns: 42111, Time: 05:35:42

Health: -3/289     AC: 29    Str: 31    XL:     19   Next: 46%
Magic:  18/18      EV:  2    Int:  6    God:    Trog [*****.]
Gold:   2752       SH:  0    Dex: 13    Spells: 18/18 levels left

rFire   . . .      SeeInvis .   K - +5 executioner's axe of Ignis's Hatred {venom, rC+ Dex+4}
rCold   + + .      Faith    .   (shield currently unavailable)
rNeg    . . .      Spirit   .   (body armour currently unavailable)
rPois   +          Reflect  .   (helmet currently unavailable)
rElec   .          Harm     .   (cloak currently unavailable)
rCorr   .          Rampage  .   (gloves currently unavailable)
Will    +++++      NoTele   +   (boots currently unavailable)
Stlth   +.........              x - amulet of regeneration
HPRegen 2.38/turn               i - ring of Harmony {rC+ Will+ Int+2}
MPRegen 0.16/turn               H - ring of willpower

@: tree-form, strong-willed (expiring), regenerating (expiring), studying
Dodging
A: stationary, stasis, torment immunity, boosted hp, (horns 2), (retaliatory
headbutt)
}: 2/15 runes: serpentine, barnacled
a: Renounce Religion, Berserk, Trog's Hand, Brothers in Arms


You were on level 3 of the Vaults.
You worshipped Trog.
Trog was extremely pleased with you.
You were a tree.
You visited 7 branches of the dungeon, and saw 32 of its levels.
You visited 1 bazaar.

You collected 6287 gold pieces.
You spent 3535 gold pieces at shops.

Inventory:

Hand Weapons
 s - the +5 battleaxe "Senule Jae" {flame, rElec Str+4 SInv}
   (Trog gifted it to you on level 2 of the Orcish Mines)

   It burns those it strikes, dealing additional fire damage.
   Big, fiery blades are also staple armaments of hydra-hunters.
   Str:       It affects your strength (+4).
   rElec:     It insulates you from electricity.
   SInv:      It lets you see invisible.
 K - the +5 executioner's axe of Ignis's Hatred (weapon) {venom, rC+ Dex+4}
   (You acquired it on level 4 of the Snake Pit)

   It poisons the flesh of those it strikes.
   Dex:       It affects your dexterity (+4).
   rC:        It protects you from cold.
Missiles
 d - 4 throwing nets
 M - 10 javelins
 U - 17 silver javelins (quivered)
Armour
 j - a +0 cloak (melded)
 t - a +0 pair of boots (melded)
 O - the +7 chain mail of Cocytus (melded) {rElec Regen+ Str+7 Stlth-}
   (You took it off a salamander on level 4 of the Snake Pit)

   Str:       It affects your strength (+7).
   rElec:     It insulates you from electricity.
   Regen:     It increases your rate of health regeneration.
   Stlth:     It makes you less stealthy.
 V - a +2 pair of gloves of hurling (melded)
 Y - a +4 plate armour of cold resistance
Jewellery
 h - a ring of flight
 i - the ring of Harmony (left branch) {rC+ Will+ Int+2}
   (You took it off a merfolk siren on level 1 of the Shoals)

   [ring of willpower]

   Int:       It affects your intelligence (+2).
   rC:        It protects you from cold.
   Will:      It increases your willpower.
 x - an amulet of regeneration (around neck)
 C - a ring of fire
 H - a ring of willpower (right branch)
 J - a ring of protection from fire
 P - a ring of resist corrosion
 W - a ring of willpower
 X - a ring of poison resistance
Wands
 a - a wand of acid (21)
 r - a wand of mindburst (15)
 w - a wand of iceblast (46)
 z - a wand of polymorph (13)
 E - a wand of charming (4)
 T - a wand of digging (7)
Scrolls
 b - 2 scrolls of blinking
 c - 8 scrolls of enchant armour
 e - 7 scrolls of fear
 f - 5 scrolls of magic mapping
 k - 7 scrolls of enchant weapon
 p - a scroll of silence
 B - 3 scrolls of teleportation
 D - 5 scrolls of poison
 F - 7 scrolls of identify
 N - 6 scrolls of butterflies
Potions
 g - 20 potions of curing
 l - 3 potions of berserk rage
 m - 4 potions of resistance
 n - 2 potions of heal wounds
 o - 8 potions of lignification
 q - 6 potions of mutation
 u - 5 potions of might
 v - 6 potions of ambrosia
 G - a potion of cancellation
 L - 2 potions of invisibility
 Z - 3 potions of haste
Miscellaneous
 y - a condenser vane
 I - a lightning rod (4/4)
 Q - a phial of floods


   Skills:
 + Level 22.7 Fighting
 - Level 20.0 Axes
 * Level 12.0 Throwing
 - Level 19.2 Armour
 + Level 12.4 Dodging
 * Level 13.0 Evocations


You had 18 spell levels left.
You didn't know any spells.
Your spell library was empty.

Dungeon Overview and Level Annotations

Branches:
Dungeon (13/15)            Temple (1/1) D:7            Lair (5/5) D:11
 Shoals (4/4) Lair:3        Snake (4/4) Lair:2        Slime (0/5) Lair:4
    Orc (2/2) D:9             Elf (0/3) Orc:2        Vaults (3/5) D:13
  Crypt (0/3) Vaults:2

Altars:
Ashenzari
Cheibriados
Dithmenos
Elyvilon
Fedhas
Gozag
Hepliaklqana
Kikubaaqudgha
Makhleb
Nemelex Xobeh
Okawaru
Qazlal
Ru
Sif Muna
Trog
Uskayaw
Vehumet
Wu Jian
Xom
Yredelemnul
Zin
The Shining One

Shops:
D:8 (   D:9 (   D:10 *   Orc:2 ?!?*   Shoals:1 *   Snake:4 =[[(?   Vaults:1 =
Vaults:2 [   Vaults:3 [(([

Portals:
Trove: D:10 (give horn of Geryon)

Annotations:
D:11 3 runed translucent doors, Eduption's ghost, journeyman MiBe; groll's ghost, journeyman MiBe; kwasso's ghost, journeyman SpBr
Snake:3 exclusion: downstairs


Innate Abilities, Weirdness & Mutations

You are a tree.
Your roots penetrate the ground, keeping you stationary.
You cannot be teleported.
You are immune to unholy pain and torment.
Your maximum health is greatly increased.
Your equipment is partially melded.
((You have a pair of horns on your head.))
((You reflexively headbutt those who attack you in melee.))


Message History

* * * LOW HITPOINT WARNING * * *
The ironbound convoker misses you. You furiously retaliate!
You headbutt the ironbound convoker!
You feel much better.
You kill the yaktaur!
Trog accepts your kill.
Your two-headed ogre closely misses the orc knight. x2
The orc knight completely misses you.
The orc knight hits you with a +3 vampiric glaive!
The orc knight draws strength from your wounds!
The ironbound convoker hits you but does no damage.
The ettin hits you with a +0 dire flail.
The ettin hits you with a +0 dire flail!!
* * * LOW HITPOINT WARNING * * *
You feel much better.
Your two-headed ogre hits the orc knight with a +0 giant spiked club!
Your two-headed ogre barely misses the orc knight.
The orc knight hits you with a +2 great sword!!!
* * * LOW HITPOINT WARNING * * *
The orc knight hits you with a +3 vampiric glaive!
* * * LOW HITPOINT WARNING * * *
A yaktaur comes into view.
The ettin hits you but does no damage. The ettin closely misses you.
The ironbound convoker hits you with a +0 dire flail.
* * * LOW HITPOINT WARNING * * *
Really quaff the potion of lignification?
Uppercase [Y]es or [N]o only, please.
Really quaff the potion of lignification?
You turn into a tree.
Your +0 cloak melds into your body.
Your +2 pair of gloves of hurling melds into your body.
Your +0 pair of boots melds into your body.
The +7 chain mail of Cocytus {rElec Regen+ Str+7 Stlth-} melds into your body.
Your aim is not that steady anymore.
Your roots penetrate the ground.
The ironbound convoker looks more healthy.
Your two-headed ogre hits the orc knight with a +0 giant spiked club!!
Your two-headed ogre misses the orc knight.
The orc knight hits you with a +2 great sword!!
* * * LOW HITPOINT WARNING * * *
The orc knight hits you with a +3 vampiric glaive.
You die...

#######)####### ##.......#
##.......##
*####***##.......##
*....,,##..>....## #####
*pp...,#.......## ##.#..
*.....,#........## ##..#..
*..p...#)oC......###...#..
*......#p♣C.#.....#....'..
*......c)o.###.........#..
**######.O## ##........###
#.## ##.......# ###
##.......## ##.......##
********* ##.......##
*,,,,,,,* #.......##
*,,,>,,,* #######'####


You could see 2 orc knights, an ettin (extremely poisoned), an ironbound
convoker, a yaktaur, a friendly ettin (charmed) and a friendly two-headed ogre
(summoned, berserk).

Vanquished Creatures
  Vashnia (Snake:4)
  Jorgrun (Snake:3)
  Rupert (D:12)
  Mlioglotl (Shoals:1)
  Asterion (Vaults:1)
  2 krakens (Shoals:4)
  Frances (D:12)
  Agnes (Snake:1)
  A sphinx (Shoals:4)
  5 nagarajas
  Aizul (Snake:4)
  9 vault wardens
  Louise (Shoals:1)
  8 ironbound preservers
  A very ugly thing (Vaults:1)
  4 ironbound thunderhulks
  3 war gargoyles
  2 stone giants
  A vampire knight (Vaults:2)
  A deep elf demonologist (Vaults:1)
  An entropy weaver (Vaults:2)
  3 dire elephants (Vaults:2)
  3 minotaurs (Shoals:4)
  2 merfolk impalers (Shoals:3)
  A merfolk javelineer (Shoals:4)
  2 ettins (Vaults:1)
  4 crystal guardians
  7 yaktaur captains
  2 ice dragons (Vaults:1)
  A deep elf high priest (Vaults:1)
  Fannar (D:10)
  4 great orbs of eyes
  4 hydras
  5 boulder beetles
  3 peacekeepers
  2 salamander tyrants (Snake:4)
  2 ogre magi
  7 centaur warriors
  A catoblepas (Lair:5)
  15 vault guards
  10 anacondas
  Harold (Lair:1)
  A merfolk avatar (Shoals:1)
  7 ironbound frosthearts
  15 satyrs
  A deep troll earth mage (Vaults:1)
  2 two-headed ogres
  A deep troll shaman (Lair:5)
  4 naga warriors
  14 death yaks
  8 naga sharpshooters
  10 shock serpents
  12 sea snakes
  3 salamander mystics (Snake:4)
  20 deep trolls
  4 wizards
  5 lindwurms
  11 naga ritualists
  28 harpies
  11 ironbound convokers
  7 orc knights
  11 mana vipers
  10 ugly things
  A deep elf pyromancer (D:12)
  13 salamanders
  2 orc sorcerers
  3 cyclopes
  18 fauns
  10 manticores
  17 elephants
  12 vault sentinels
  30 black mambas
  9 naga magi
  9 merfolk sirens
  3 water nymphs
  11 cane toads
  4 guardian serpents
  2 torpor snails
  2 gargoyles
  3 kobold demonologists (D:12)
  28 yaktaurs
  A rime drake (Lair:4)
  7 komodo dragons
  A polar bear (Lair:3)
  5 trolls
  Grinder (D:5)
  5 wind drakes
  A hornet (D:9)
  24 merfolk
  8 snapping turtles
  4 harpy zombies (Shoals:2)
  18 slime creatures
  5 blink frogs (Lair:4)
  A snapping turtle (shapeshifter) (Vaults:1)
  2 dream sheep (Shoals:2)
  Sigmund (D:5)
  3 vampires (Vaults:2)
  61 yaks
  3 wraiths
  4 water elementals
  6 wyverns
  2 steam dragons
  A human (D:13)
  A basilisk (Lair:2)
  6 vampire mosquitoes (D:12)
  3 wargs
  45 nagas
  An acid dragon (shapeshifter) (D:13)
  15 water moccasins
  An acid dragon (D:11)
  An ice beast (D:5)
  32 orc warriors
  3 black bears
  5 ogres
  2 sky beasts (D:5)
  15 centaurs
  12 wolves
  A phantom (D:5)
  4 kobold brigands
  14 bullfrogs
  4 scorpions
  12 wights
  A killer bee (D:9)
  6 electric eels
  3 howler monkeys
  19 orc priests
  2 jellies
  Crazy Yiuf (D:3)
  3 hounds (D:6)
  Ijyb (D:4)
  An iguana (D:5)
  22 orc wizards
  Natasha (thrice) (D:2)
  8 hell rats
  2 adders
  7 gnolls
  2 river rats
  A shadow imp (D:4)
  3 white imps
  2 ufetubi
  A worm (D:2)
  2 dart slugs
  88 orcs
  9 bats
  8 endoplasms
  A giant cockroach (D:3)
  4 goblins
  9 hobgoblins
  6 jackals
  5 quokkas
  9 ball pythons
  2 frilled lizards
  20 kobolds
  4 rats (D:1)
  A spectral kobold (D:2)
  2 plants (Shoals:2)
  2 tentacles (Shoals:4)
1090 creatures vanquished.

Vanquished Creatures (collateral kills)
  A fire giant (Vaults:1)
  An orc warlord (Vaults:3)
  An ironbound thunderhulk (Vaults:1)
  A peacekeeper (Vaults:1)
  A centaur warrior (Vaults:2)
  A boulder beetle (Vaults:2)
  A naga warrior (Snake:4)
  A mana viper (Snake:1)
  A vault sentinel (Vaults:1)
  2 black mambas
  2 guardian serpents
  2 yaktaurs
  A slime creature (Vaults:2)
16 creatures vanquished.

Vanquished Creatures (others)
  A satyr (Shoals:4)
  2 orcs (D:9)
  11 fungi
  68 plants
  10 tentacles (Shoals:4)
  3 withered plants (D:9)
95 creatures vanquished.

Grand Total: 1201 creatures vanquished

Notes
Turn   | Place    | Note
-------+----------+-------------------------------------------
     0 | D:1      | newSummerboy the Minotaur Berserker began the quest for the
                  | Orb.
     0 | D:1      | Reached XP level 1. HP: 19/19 MP: 0/0
   352 | D:1      | Reached XP level 2. HP: 27/27 MP: 1/1
   473 | D:1      | Reached ** piety under Trog
   474 | D:1      | Reached skill level 4 in Fighting
   833 | D:2      | Found a faded altar of an unknown god.
   861 | D:2      | Noticed Natasha
   873 | D:2      | Noticed a crimson imp
  1065 | D:2      | Killed Natasha
  1066 | D:2      | Reached XP level 3. HP: 31/33 MP: 2/2
  1204 | D:2      | Noticed Natasha
  1271 | D:2      | Reached XP level 4. HP: 41/41 MP: 3/3
  1276 | D:2      | Reached skill level 5 in Axes
  1605 | D:2      | Killed Natasha
  2048 | D:2      | Found a blossoming altar of Fedhas.
  2053 | D:2      | Noticed Natasha
  2064 | D:2      | Killed Natasha
  2065 | D:2      | Reached XP level 5. HP: 44/47 MP: 4/4
  2216 | D:3      | Found a burning altar of Makhleb.
  2710 | D:3      | Reached skill level 5 in Fighting
  2923 | D:3      | Found a runed translucent door.
  2924 | D:3      | Noticed Crazy Yiuf
  3267 | D:3      | Killed Crazy Yiuf
  3268 | D:3      | Reached XP level 6. HP: 56/56 MP: 5/5
  3387 | D:4      | Noticed Ijyb
  3396 | D:4      | Reached *** piety under Trog
  3401 | D:4      | Killed Ijyb
  4331 | D:4      | Found a blossoming altar of Fedhas.
  4586 | D:5      | Entered Level 5 of the Dungeon
  4602 | D:4      | Reached XP level 7. HP: 60/62 MP: 6/6
  4706 | D:5      | Reached skill level 5 in Armour
  4736 | D:5      | Reached skill level 6 in Fighting
  4930 | D:5      | Noticed Grinder
  4955 | D:5      | Paralysed by Grinder for 3 turns
  4978 | D:5      | Killed Grinder
  5038 | D:5      | Reached XP level 8. HP: 71/71 MP: 7/7
  5296 | D:5      | Noticed Sigmund
  5631 | D:5      | Found a white marble altar of Elyvilon.
  5650 | D:5      | Killed Sigmund
  5651 | D:5      | Reached skill level 7 in Fighting
  5852 | D:5      | Reached skill level 10 in Axes
  6044 | D:6      | Reached **** piety under Trog
  6126 | D:6      | Reached skill level 8 in Fighting
  6144 | D:6      | Reached XP level 9. HP: 48/81 MP: 8/8
  6418 | D:6      | Found a hazy altar of Hepliaklqana.
  6842 | D:7      | Found a staircase to the Ecumenical Temple.
  7008 | D:7      | Reached skill level 9 in Fighting
  7155 | Temple   | Entered the Ecumenical Temple
  7835 | D:8      | Found Ozufyosa's Weapon Emporium.
  7990 | D:8      | Reached ***** piety under Trog
  8064 | D:8      | Identified the +3 whip "Obaewujamp" {venom, Drain MP+9
                  | Int+3}
  8235 | D:8      | Found a stormy altar of Qazlal.
  8606 | D:9      | Reached XP level 10. HP: 93/93 MP: 9/9
  8609 | D:9      | Reached skill level 10 in Fighting
  8806 | D:9      | Found a staircase to the Orcish Mines.
  8947 | D:9      | Reached skill level 10 in Armour
  9085 | D:9      | Identified the +4 quarterstaff "Sifo" {vorpal, Int+2}
  9301 | D:9      | Reached skill level 11 in Fighting
  9348 | D:9      | Found an ancient bone altar of Kikubaaqudgha.
  9390 | D:9      | HP: 3/144 [yak (10)]
  9391 | D:9      | HP: 1/144 [yak (3)]
  9393 | D:9      | Reached XP level 11. HP: 2/102 MP: 10/10
  9507 | D:9      | Found Ochice Ylihe's Antique Weapon Emporium.
  9738 | D:10     | Entered Level 10 of the Dungeon
  9738 | D:10     | Found Zin's Purification Station.
  9738 | D:10     | Found a glowing silver altar of Zin.
  9818 | D:10     | Found a portal to a secret trove of treasure.
 10254 | D:11     | Noticed Fannar
 10256 | D:11     | Noticed a brown ugly thing
 10260 | D:11     | Noticed a boulder beetle
 10264 | D:11     | Noticed a two-headed ogre
 10273 | D:10     | Killed a brown ugly thing
 10278 | D:10     | Killed a boulder beetle
 10335 | D:10     | Killed a two-headed ogre
 10336 | D:10     | Reached skill level 12 in Fighting
 10610 | D:10     | Killed Fannar
 10799 | D:11     | Noticed a cyan ugly thing
 10866 | D:11     | Killed a cyan ugly thing
 11038 | D:11     | Noticed a death yak
 11064 | D:11     | Killed a death yak
 11243 | D:11     | Noticed a death yak
 11245 | D:11     | Noticed a death yak
 11278 | D:10     | Killed a death yak
 11279 | D:10     | Reached skill level 15 in Axes
 11315 | D:11     | Killed a death yak
 11316 | D:11     | Reached skill level 13 in Fighting
 11389 | D:11     | Found a staircase to the Lair.
 11446 | D:11     | Noticed a boulder beetle
 11460 | D:11     | Killed a boulder beetle
 11461 | D:11     | Reached XP level 12. HP: 61/115 MP: 11/11
 11595 | D:11     | Found a runed translucent gate.
 11595 | D:11     | Found a runed translucent gate.
 11595 | D:11     | Found a runed translucent gate.
 11596 | D:11     | Noticed groll's ghost (journeyman MiBe)
 11597 | D:11     | Noticed Eduption's ghost (journeyman MiBe)
 11597 | D:11     | Noticed kwasso's ghost (journeyman SpBr)
 12096 | D:12     | Noticed a two-headed ogre
 12112 | D:12     | Killed a two-headed ogre
 12221 | D:12     | Received a gift from Trog
 12340 | D:12     | Noticed a boulder beetle
 12379 | D:12     | Killed a boulder beetle
 12541 | D:12     | Identified the +4 cloak of the Tundras {Harm}
 12558 | D:12     | Noticed Frances
 12570 | D:12     | Killed Frances
 12571 | D:12     | Reached skill level 14 in Fighting
 12708 | D:12     | Noticed Rupert
 12723 | D:12     | Killed Rupert
 13302 | D:13     | Noticed a centaur warrior
 13532 | D:13     | Killed a centaur warrior
 13650 | D:13     | Noticed a vault guard
 13797 | D:13     | Noticed a centaur warrior
 13805 | D:13     | Killed a centaur warrior
 13880 | D:13     | Killed a vault guard
 13881 | D:13     | Reached XP level 13. HP: 125/125 MP: 12/12
 13900 | D:13     | Reached skill level 15 in Fighting
 13959 | D:13     | Found a gate to the Vaults.
 13976 | D:13     | Reached skill level 15 in Armour
 14445 | D:13     | Noticed Nessos
 14466 | D:13     | Noticed Nessos
 14466 | D:13     | Nessos changed into Nessos the guardian serpent
 14475 | D:13     | Killed Nessos the guardian serpent
 14718 | Orc:1    | Entered Level 1 of the Orcish Mines
 15129 | Orc:2    | Entered Level 2 of the Orcish Mines
 15236 | Orc:2    | Found a staircase to the Elven Halls.
 15358 | Orc:2    | Identified the +5 battleaxe "Senule Jae" {flame, rElec
                  | Str+4 SInv} (Trog gifted it to you on level 2 of the Orcish
                  | Mines)
 15358 | Orc:2    | Received a gift from Trog
 15744 | Orc:2    | Reached skill level 16 in Fighting
 16553 | Orc:2    | Found Moeriu's Magic Scroll Shoppe.
 16553 | Orc:2    | Found Koept's Distillery.
 16555 | Orc:2    | Found Quakkie's Magic Scroll Boutique.
 16558 | Orc:2    | Found Kusik's General Store.
 16563 | Orc:2    | Bought a scroll of identify for 30 gold pieces
 16563 | Orc:2    | Bought a scroll of identify for 30 gold pieces
 16570 | Orc:2    | Bought a potion of invisibility for 112 gold pieces
 16570 | Orc:2    | Bought a potion of invisibility for 112 gold pieces
 16570 | Orc:2    | Bought a potion of resistance for 140 gold pieces
 16570 | Orc:2    | Bought a potion of haste for 140 gold pieces
 16571 | Orc:2    | Bought a scroll of identify for 26 gold pieces
 16571 | Orc:2    | Bought a scroll of fear for 52 gold pieces
 16571 | Orc:2    | Bought a scroll of blinking for 97 gold pieces
 16571 | Orc:2    | Bought a scroll of enchant armour for 97 gold pieces
 16571 | Orc:2    | Bought a scroll of identify for 26 gold pieces
 16574 | Orc:2    | Bought a scroll of identify for 30 gold pieces
 16574 | Orc:2    | Bought a scroll of identify for 30 gold pieces
 16574 | Orc:2    | Bought a scroll of identify for 30 gold pieces
 16574 | Orc:2    | Bought 2 scrolls of identify for 60 gold pieces
 16574 | Orc:2    | Bought a scroll of identify for 30 gold pieces
 16574 | Orc:2    | Bought a scroll of identify for 30 gold pieces
 16835 | Lair:1   | Entered Level 1 of the Lair of Beasts
 16843 | Lair:1   | Noticed Harold
 16861 | Lair:1   | Killed Harold
 17748 | Lair:2   | Found a sacrificial altar of Ru.
 17824 | Lair:2   | Reached XP level 14. HP: 137/138 MP: 13/13
 17855 | Lair:2   | Found a staircase to the Snake Pit.
 18367 | Lair:3   | Received a gift from Trog
 18768 | Lair:3   | Found a staircase to the Shoals.
 19123 | Lair:4   | Reached skill level 17 in Fighting
 19366 | Lair:4   | Found a runed translucent door.
 19367 | Lair:4   | Found a staircase to the Slime Pits.
 19826 | Lair:5   | Entered Level 5 of the Lair of Beasts
 20080 | Lair:5   | Received a gift from Trog
 20441 | Lair:5   | Reached skill level 18 in Fighting
 20519 | Lair:5   | Reached XP level 15. HP: 149/149 MP: 14/14
 20831 | Shoals:1 | Entered Level 1 of the Shoals
 20831 | Shoals:1 | Noticed Louise
 20851 | Shoals:1 | Killed Louise
 20956 | Shoals:1 | Found Kiod's Assorted Antiques.
 21023 | Shoals:1 | Identified the ring of Harmony {rC+ Will+ Int+2}
 21088 | Shoals:1 | Noticed Mlioglotl
 21093 | Shoals:1 | Killed Mlioglotl
 21660 | Shoals:2 | Reached ****** piety under Trog
 22444 | Shoals:2 | Reached skill level 1 in Evocations
 23608 | Shoals:3 | Reached skill level 19 in Fighting
 23943 | Shoals:3 | Received a gift from Trog
 24780 | Shoals:4 | Entered Level 4 of the Shoals
 24780 | Shoals:4 | Noticed a kraken
 24790 | Shoals:4 | Killed a kraken
 24918 | Shoals:4 | Noticed a sphinx
 24929 | Shoals:4 | Reached XP level 16. HP: 161/161 MP: 15/15
 24932 | Shoals:4 | Killed a sphinx
 25021 | Shoals:4 | Reached skill level 5 in Evocations
 25043 | Shoals:4 | Reached skill level 5 in Dodging
 25194 | Shoals:4 | Got a barnacled rune of Zot
 25869 | Shoals:4 | Reached skill level 20 in Fighting
 26222 | Shoals:4 | Noticed a kraken
 26358 | Shoals:4 | Killed a kraken
 26635 | Shoals:4 | Identified a scroll of acquirement
 26636 | Shoals:4 | Acquired 726 gold pieces
 27084 | Snake:1  | Entered Level 1 of the Snake Pit
 27192 | Snake:1  | Reached skill level 1 in Throwing
 28005 | Snake:1  | Noticed Agnes
 28017 | Snake:1  | Killed Agnes
 28545 | Snake:2  | Received a gift from Trog
 30012 | Snake:3  | Reached XP level 17. HP: 172/172 MP: 16/16
 30563 | Snake:3  | Reached skill level 21 in Fighting
 30626 | Snake:3  | Noticed Jorgrun
 30641 | Snake:3  | Killed Jorgrun
 30642 | Snake:3  | Reached skill level 5 in Throwing
 30956 | Snake:4  | Entered Level 4 of the Snake Pit
 30956 | Snake:4  | Found Yzunaok's Armour Shoppe.
 31040 | Snake:4  | Bought a +2 pair of gloves of hurling for 322 gold pieces
 31297 | Snake:4  | Identified the +7 chain mail of the Fife {Str+2}
 31374 | Snake:4  | Received a gift from Trog
 31445 | Snake:4  | Identified the +7 chain mail of Cocytus {rElec Regen+ Str+7
                  | Stlth-}
 31451 | Snake:4  | Noticed Vashnia
 31579 | Snake:4  | Found Lafuhiu's Jewellery Boutique.
 31737 | Snake:4  | Found Kunit's Weapon Shoppe.
 31778 | Snake:4  | Found Kodosuq's Magic Scroll Shoppe.
 31782 | Snake:4  | Bought a scroll of teleportation for 57 gold pieces
 31782 | Snake:4  | Bought a scroll of acquirement for 988 gold pieces
 31782 | Snake:4  | Bought a scroll of teleportation for 57 gold pieces
 31783 | Snake:4  | Acquired the +5 executioner's axe of Ignis's Hatred {venom,
                  | rC+ Dex+4}
 31801 | Snake:4  | Noticed Aizul
 31814 | Snake:4  | Killed Aizul
 33142 | Snake:4  | Killed Vashnia
 33286 | Snake:4  | Found Everch's Armour Shoppe.
 34023 | Snake:4  | Received a gift from Trog
 34263 | Snake:4  | Got a serpentine rune of Zot
 34279 | Snake:4  | Reached skill level 10 in Evocations
 34747 | Vaults:1 | Entered Level 1 of the Vaults
 35388 | Vaults:1 | Reached XP level 18. HP: 163/183 MP: 17/17
 36127 | Vaults:1 | Noticed Asterion
 36132 | Vaults:1 | Killed Asterion
 36149 | Vaults:1 | Reached skill level 22 in Fighting
 36391 | Vaults:1 | Found Hyfoppifur's Jewellery Shoppe.
 37829 | Vaults:1 | Identified the +6 flail of Apuqaleyp {vamp, rElec rC+
                  | Int+3}
 38070 | Vaults:1 | Reached skill level 10 in Dodging
 38109 | Vaults:2 | Reached skill level 10 in Throwing
 39000 | Vaults:2 | Paralysed by a great orb of eyes for 2 turns
 39127 | Vaults:2 | Found a staircase to the Crypt.
 39456 | Vaults:2 | Found Usaawk's Antique Armour Emporium.
 39707 | Vaults:2 | Identified the +2 quarterstaff "Giant's Foe" {vorpal,
                  | +Blink Dex+2} (Trog gifted it to you on level 2 of the
                  | Vaults)
 39707 | Vaults:2 | Received a gift from Trog
 39858 | Vaults:2 | Reached XP level 19. HP: 134/193 MP: 1/18
 40870 | Vaults:3 | Found Cocess's Antique Armour Boutique.
 40994 | Vaults:3 | Found Athext's Weapon Shop.
 41012 | Vaults:3 | Acquired 1175 gold pieces
 41050 | Vaults:3 | Found Xiwkuun's Weapon Emporium.
 41280 | Vaults:3 | Received a gift from Trog
 41320 | Vaults:3 | Found Naice's Antique Armour Shoppe.
 41824 | Vaults:3 | Found a flickering gateway to a bazaar.
 41836 | Bazaar   | Entered a bazaar
 41836 | Bazaar   | Found Ylonkum's Weapon Shop.
 41839 | Bazaar   | Found Ilu Awomn's Magic Scroll Emporium.
 41850 | Bazaar   | Bought a scroll of fear for 44 gold pieces
 41851 | Bazaar   | Found Ytheu's Weapon Boutique.
 41882 | Bazaar   | Found Rotiug's Assorted Antiques.
 41892 | Bazaar   | Found Iwkoed's Assorted Antiques.
 41897 | Bazaar   | Bought a potion of curing for 78 gold pieces
 41897 | Bazaar   | Bought a wand of mindburst (10) for 364 gold pieces
 41906 | Bazaar   | Bought a scroll of enchant weapon for 142 gold pieces
 41929 | Bazaar   | Bought a scroll of enchant weapon for 82 gold pieces
 41929 | Bazaar   | Bought a scroll of magic mapping for 82 gold pieces
 41929 | Bazaar   | Bought 3 scrolls of enchant armour for 247 gold pieces
 42104 | Vaults:3 | Identified the ring "Amilluok" {rF++ Int+6 Dex-4 Slay+2
                  | SInv}
 42111 | Vaults:3 | HP: 1/289 [orc knight/+2 great sword (30)]
 42111 | Vaults:3 | Slain by an orc knight

Illustrated notes

Levels and vault maps discovered:
D:1:      dpeg_arrival_tiny_a, layout_loops_ring, minmay_heptomino_l4
D:2:      layout_basic, basic_altar, dreamdust_ecumenical_altar_drowned_temple,
          uniq_natasha
D:3:      layout_loops_ring, mainiacjoe_overflow_alcove_4,
          chequers_serial_rivers_marsh, minivault_25, feat_on_display,
          uniq_crazy_yiuf_cottage
D:4:      layout_basic, nicolae_overflow_crystal_walls, uniq_ijyb
D:5:      layout_gridville, nicolae_elyvilon_temple_path, uniq_sigmund,
          uniq_grinder
D:6:      layout_loops_ring, nicolae_hepliaklqana_hazy_memory, st_stairs_10
D:7:      layout_basic, minmay_temple_entry_mist
D:8:      layout_loops_corners, grunt_qazlal_clouds, serial_shops,
          nicolae_square_shop, roderic_serpentine_path
D:9:      minmay_s_stair_smasher, layout_cave_pools, kiku_gazebo_garden_becter,
          orc_0_dummy, serial_shops, shop
D:10:     layout_rooms, zin_purify, enter_trove_0,
          hangedman_abyss_or_decor_slice
D:11:     layout_rooms, dpeg_lair_monsters, gammafunk_ghost_cemetery,
          uniq_fannar
D:12:     layout_irregular_city, amcnicky_mini_pool_small,
          grunt_decor_arrowhead, chequers_decorated_corner, uniq_rupert,
          uniq_frances
D:13:     layout_basic, grunt_vaults_entry_fortified, uniq_nessos
Temple:   regret_index_temple_generic_petals
Lair:1:   layout_gridlike, beast_lair_carwin_5, serial_bayou_shore_a,
          grunt_megastairs_1, uniq_harold
Lair:2:   layout_hall_layers, minmay_snake_entry_guardpost_large, basic_altar,
          lemuel_old_faithful
Lair:3:   layout_loops_ring, minmay_shoals_entry_hut
Lair:4:   layout_hall_layers, slime_entry_2, grunt_megastairs_5,
          lemuel_fruit_fields, infiniplex_staircase_pool, serial_bayou_shore_b
Lair:5:   grunt_lair_end_beastmaster, layout_gridlike, st_stairs_9,
          chequers_serial_rivers_small_b, grunt_megastairs_2
Shoals:1: layout_shoals, serial_shops, shop, uniq_mlioglotl, uniq_louise
Shoals:2: layout_shoals, nicolae_shoals_undead_eyrie
Shoals:3: layout_shoals
Shoals:4: shoals_end_hellmonk_lost_city
Snake:1:  layout_chambers, nicolae_snake_snake_lake, uniq_agnes
Snake:2:  layout_grid_maze, grunt_megastairs_3
Snake:3:  kennysheep_six_static_rooms, layout_concentric_octagons,
          nicolae_snake_biting_tails, uniq_jorgrun
Snake:4:  johnstein_snake_rune_scales, layout_cave_town, serial_shops,
          nicolae_shop_waterfront, shop, shop, nicolae_diamond_shop, shop,
          uniq_aizul
Orc:1:    layout_diamond_mine, mines_bat_river
Orc:2:    st_orc_rangers, layout_caves
Vaults:1: st_greater_box_5, nicolae_vaults_network_s,
          nicolae_vaults_mini_display_case, v_pattern_1,
          nicolae_vaults_little_squares_4, layout_vaults_omnigrid, serial_shops,
          shop, uniq_asterion
Vaults:2: hangedman_vaults_stretched_pinwheel, vaults_room_mumra_shop_pool,
          minmay_crypt_entry_vampire_xt, nicolae_vaults_ninety_degrees,
          v_misc_10, ontoclasm_vaults_ring_square, vaults_standard_mumra_lines,
          v_pattern_3, v_misc_13, hangedman_vaults_corner_blocks,
          nicolae_vaults_yaktaur_gun_rack, ontoclasm_vaults_shuriken,
          layout_vaults_omnicross, serial_shops
Vaults:3: vaults_room_corners, vaults_room_door_hall, hangedman_vaults_pinch,
          vaults_dpeg_hooks, v_misc_27, v_rooms_2,
          nicolae_vaults_little_squares_1, vaults_room_pools,
          vaults_room_door_hall, nicolae_vaults_big_angled_halls,
          vaults_room_pools, nicolae_vaults_back_hallway,
          vaults_room_hangedman_quadrants, grunt_vaults_hallway_long, v_misc_22,
          vaults_room_semicircle, vaults_room_ringed_pool,
          layout_vaults_omnibox, serial_shops, bzr_firewalk,
          nicolae_shop_competitors_out_of_business, shop_fountains, shop,
          nicolae_shop_behind_doors

Skill      XL: |  1  2  3  4  5  6  7  8  9 10 11 12 13 14 15 16 17 18 19 |
---------------+----------------------------------------------------------+-----
Axes           | 4 5 6 7 8 10 12 13 15 16 18 19 20 | 20.0
Fighting       | 4 5 6 8 9 11 13 14 16 18 19 20 21 22 | 22.7
Armour         | 3 4 5 7 9 11 13 14 16 17 19 | 19.2
Evocations     | 4 8 10 12 13 | 13.0
Dodging        | 4 7 9 11 12 | 12.4
Throwing       | 4 8 11 12 | 12.0

Action                   |  1- 3 |  4- 6 |  7- 9 | 10-12 | 13-15 | 16-18 | 19-21 || total
-------------------------+-------+-------+-------+-------+-------+-------+-------++-------
Melee: Hand axe          |    41 |   174 |    72 |       |       |       |       ||   287
       Headbutt          |    11 |    32 |    70 |    89 |   216 |   250 |    59 ||   727
       Punch             |       |     1 |     1 |       |       |       |       ||     2
       War axe           |       |       |   232 |    76 |       |       |       ||   308
       Battleaxe         |       |       |       |   369 |   908 |   583 |       ||  1860
       Executioner's axe |       |       |       |       |       |   476 |   176 ||   652
Throw: Throwing net      |       |       |       |       |       |     1 |       ||     1
       Javelin           |       |       |       |       |       |     5 |       ||     5
Invok: Berserk           |     2 |     2 |     6 |    16 |     9 |     5 |       ||    40
       Brothers in Arms  |       |       |       |       |     2 |     5 |     3 ||    10
       Trog's Hand       |       |       |       |       |     1 |    14 |     3 ||    18
Evoke: Wand              |       |       |       |       |     3 |    14 |     4 ||    21
  Use: Scroll            |       |       |       |    10 |    23 |    11 |     3 ||    47
       Potion            |       |       |       |     1 |    13 |     3 |     5 ||    22
 Stab: Sleeping          |     1 |       |       |       |       |       |       ||     1
       Held in net/web   |       |       |       |       |       |     1 |       ||     1
Armor: Plate armour      |    25 |    97 |   166 |   217 |   651 |   289 |       ||  1445
       Chain mail        |       |       |       |       |       |   300 |   118 ||   418
Dodge: Dodged            |    12 |    42 |    96 |   162 |   444 |   496 |   142 ||  1394
